 Dungeon Crawl Stone Soup version 0.30.1-4-g462c640d31 (webtiles) character file.

Game seed: 8541928598693965892

1269 maty the Sneak (level 8, -6/45 (54) HPs)
             Began as a Demonspawn Brigand on Aug 19, 2023.
             Was an Initiate of Kikubaaqudgha.
             Mangled by a two-headed ogre
             ... wielding a +0 giant club
              (14 damage)
             ... on level 5 of the Dungeon.
             The game lasted 00:17:45 (3759 turns).

maty the Sneak (Demonspawn Brigand)                 Turns: 3759, Time: 00:17:45

HP:   -6/45 (54)    AC:  9    Str: 17    XL:     8   Next: 28%
MP:   1/11          EV: 13    Int: 13    God:    Kikubaaqudgha [......]
Gold: 231           SH:  5    Dex: 17    Spells: 7/11 levels left

rFire   . . .        a - +2 dagger
rCold   . . .        (no shield)
rNeg    . . .        b - +0 robe
rPois   .            (no helmet)
rElec   .            c - +0 cloak
rCorr   .            p - +2 pair of gloves
SInv    +            (no boots)
Will    .....        h - amulet of reflection
Stlth   +++          i - +6 ring of strength
HPRegen 0.27/turn    r - ring of see invisible
MPRegen 0.12/turn

%: reflection, clarity
@: brilliant, heavily drained
A: molten scales 2, ignite blood 1, weakness stinger 2, hooves 1, clarity, frail
1, sturdy frame 1
a: Renounce Religion


You were on level 5 of the Dungeon.
You worshipped Kikubaaqudgha.
Kikubaaqudgha was noncommittal.
You visited 1 branch of the dungeon, and saw 5 of its levels.

You collected 311 gold pieces.
You spent 80 gold pieces at shops.

Inventory:

Hand Weapons
 a - a +2 dagger (weapon)
Missiles
 d - 9 poisoned darts (quivered)
 e - 3 curare-tipped darts
 k - 44 stones
 D - 4 javelins
Armour
 b - a +0 robe (worn)
 c - a +0 cloak (worn)
 p - a +2 pair of gloves (worn)
 y - a +0 scale mail of poison resistance
Jewellery
 h - an amulet of reflection (around neck)
 i - a +6 ring of strength (left hand)
 r - a ring of see invisible (right hand)
 v - a ring of ice
 x - a ring of protection from cold
Wands
 z - a wand of mindburst (18)
 B - a wand of charming (15)
Scrolls
 f - 2 scrolls of butterflies {unknown}
 g - a scroll of fog {unknown}
 j - 6 scrolls of identify {unknown}
 l - a scroll of fear {unknown}
 m - a scroll of acquirement {unknown}
 s - 3 scrolls of teleportation {unknown}
 u - a scroll of vulnerability {unknown}
 w - a scroll of enchant armour {unknown}
 A - a scroll of amnesia {unknown}
 C - a scroll of torment {unknown}
Potions
 n - a potion of degeneration {unknown}
 o - a potion of brilliance
 q - 2 potions of curing {unknown}
 t - a potion of might {unknown}


   Skills:
 + Level 4.1 Fighting
 + Level 3.6 Short Blades
 - Level 1.7 Throwing
 + Level 3.3 Dodging
 + Level 6.2 Stealth
 + Level 2.2 Spellcasting
 * Level 5.4 Necromancy


You had 7 spell levels left.
You knew the following spells:

 Your Spells              Type           Power      Damage    Failure   Level
a - Kiss of Death         Conj/Necr      48%        2d9       9%          1
b - Vampiric Draining     Necr           23%        2d7       9%          3

Your spell library contained the following spells:

 Spells                   Type           Power      Damage    Failure   Level
 Ensorcelled Hibernation  Hex/Ice        4%         N/A       36%         2
 Inner Flame              Hex/Fire       2%         N/A       58%         3
 Spider Form              Tmut/Pois      2%         N/A       58%         3
 Anguish                  Hex/Necr       6%         N/A       63%         4
 Fireball                 Conj/Fire      1%         3d3       100%        5
 Iskenderun's Battlesphe  Conj           2%         2d6       100%        5
 Yara's Violent Unravell  Hex/Tmut       1%         3d3       100%        5
 Conjure Ball Lightning   Conj/Air       1%         3x3d6     100%        6
 Simulacrum               Ice/Necr       6%         N/A       100%        6
 Enfeeble                 Hex            1%         N/A       100%        7
 Orb of Destruction       Conj           1%         9d5       100%        7
 Ozocubu's Refrigeration  Ice            1%         4d7       100%        7
 Infestation              Necr           11%        N/A       100%        8
 Polar Vortex             Ice            1%         N/A       100%        9


Dungeon Overview and Level Annotations

Branches:
Dungeon (5/15)             Temple (0/1) D:5

Altars:
Kikubaaqudgha
Nemelex Xobeh
Uskayaw

Shops:
D:1 !


Innate Abilities, Weirdness & Mutations

You are mostly covered in molten scales. (AC +3)
Your demonic aura sometimes causes spilled blood to erupt in flames.
You have a tail ending in a sharp stinger.
You have large cloven feet.
You possess an exceptional clarity of mind.
You are frail. (-10% HP)
Your movements are slightly less encumbered by armour. (ER -2)


Message History

You kick the two-headed ogre, but do no damage.
The two-headed ogre is heavily wounded.
You hit the two-headed ogre but do no damage.
The two-headed ogre is heavily wounded.
The two-headed ogre hits you with a +0 giant club!!
The two-headed ogre hits you but does no damage.
Your magical contamination has completely faded away.
You hit the two-headed ogre. Your kick misses the two-headed ogre.
The two-headed ogre is heavily wounded.
The two-headed ogre misses you.
The two-headed ogre hits you with a +0 giant club!
* * * LOW HITPOINT WARNING * * *
Casting: Kiss of Death (safe; 9% risk of failure)
Confirm with . or Enter, or press ? or * to list all spells.
Aiming: Vampiric Draining (dangerous; 9% risk of failure)
Press: ? - help, Shift-Dir - straight line, f/p - two-headed ogre
Aim: a two-headed ogre, wielding two +0 giant clubs (heavily wounded, lightly drained)
You draw life force from the two-headed ogre!
You feel life coursing into your body.
You hit the two-headed ogre but do no damage.
You kick the two-headed ogre.
The two-headed ogre is almost dead.
The two-headed ogre barely misses you.
The two-headed ogre hits you with a +0 giant club!
* * * LOW HITPOINT WARNING * * *
Casting: Vampiric Draining (dangerous; 9% risk of failure)
Confirm with . or Enter, or press ? or * to list all spells.
Aiming: Vampiric Draining (dangerous; 9% risk of failure)
Press: ? - help, Shift-Dir - straight line, f/p - two-headed ogre
Aim: a two-headed ogre, wielding two +0 giant clubs (almost dead, lightly drained)
You draw life force from the two-headed ogre!
You feel life coursing into your body.
Casting: Vampiric Draining (dangerous; 9% risk of failure)
Confirm with . or Enter, or press ? or * to list all spells.
You don't have enough magic to cast this spell.
It was a potion of brilliance.
You feel clever all of a sudden.
The two-headed ogre hits you with a +0 giant club!
You die...
Kikubaaqudgha rasps: "You have failed me!
Welcome... death!"

#.O####.#.##...<.##.###.##.
..####..#....#.##.#.#.##.....##.
........#.........#.#.####...##.
#.#....#.##...#.# #.#.##.
##.##.#.#.##.#.#.# #.#.##.
#....$..#......#.# #......
#............[...# ###.### #
#.#.....##.#.....# ##.###
....#.#.#....O@......# #..>..
............##.......# #..###
..h.#.##.#..####.....# #..### #
###.##.......).....# #.).##
#......########### #.#.##
######.# #.#.## #.# #....< #.#
###.## #.####### #.#


You could see a two-headed ogre (drained).

Vanquished Creatures
  Sigmund (D:2)
  2 black bears (D:5)
  An ogre (D:5)
  A centaur (D:5)
  3 phantoms
  A bullfrog zombie (D:4)
  2 centaur zombies (D:4)
  A bullfrog skeleton (D:4)
  Terence (D:2)
  2 centaur skeletons (D:4)
  3 scorpion zombies (D:4)
  An iguana (D:4)
  An orc wizard (D:3)
  3 hound zombies (D:4)
  3 hound skeletons (D:4)
  A howler monkey zombie (D:4)
  3 adders
  An ufetubus (D:5)
  4 adder zombies (D:4)
  An adder skeleton (D:4)
  A worm (D:2)
  2 dart slugs
  3 orcs (D:3)
  6 endoplasms
  2 giant cockroaches
  4 goblins
  2 hobgoblins (D:1)
  7 kobolds
  A quokka (D:4)
  3 ball pythons
  A bat (D:2)
  4 frilled lizards
  3 quokka zombies (D:4)
  2 rats (D:1)
77 creatures vanquished.

Notes
Turn   | Place    | Note
-------+----------+-------------------------------------------
     0 | D:1      | maty the Demonspawn Brigand began the quest for the Orb.
     0 | D:1      | Reached XP level 1. HP: 16/16 MP: 1/1
   142 | D:1      | Reached skill level 1 in Dodging
   277 | D:1      | Gained mutation: You have a small tail. [demonic ancestry]
   277 | D:1      | Reached XP level 2. HP: 22/22 MP: 2/2
   298 | D:1      | Got the Handbook of Profane Words
   301 | D:1      | Learned a level 1 spell: Kiss of Death
   414 | D:1      | Found Waela's Distillery.
   853 | D:2      | Noticed Sigmund
  1235 | D:2      | Noticed Terence
  1254 | D:2      | Killed Terence
  1255 | D:2      | Reached skill level 4 in Stealth
  1255 | D:2      | Reached skill level 1 in Necromancy
  1255 | D:2      | Gained mutation: Your demonic aura sometimes causes spilled
                  | blood to erupt in flames. [demonic ancestry]
  1255 | D:2      | Reached XP level 3. HP: 15/28 MP: 3/3
  1391 | D:2      | Killed Sigmund
  1392 | D:2      | Reached XP level 4. HP: 24/35 MP: 4/4
  1392 | D:2      | Gained mutation: You are partially covered in molten
                  | scales. (AC +2) [demonic ancestry]
  1392 | D:2      | Reached XP level 5. HP: 29/41 MP: 5/5
  1531 | D:1      | Bought a potion of mutation for 80 gold pieces
  1531 | D:1      | Gained mutation: Your movements are slightly less
                  | encumbered by armour. (ER -2) [potion of mutation]
  1531 | D:1      | Gained mutation: You are frail. (-10% HP) [potion of
                  | mutation]
  1531 | D:1      | Gained mutation: You possess an exceptional clarity of
                  | mind. [potion of mutation]
  1531 | D:1      | Gained mutation: You have large cloven feet. [potion of
                  | mutation]
  1645 | D:2      | Learned a level 3 spell: Vampiric Draining
  2052 | D:3      | Found a faded altar of an unknown god.
  2260 | D:3      | Gained mutation: You are mostly covered in molten scales.
                  | (AC +3) [demonic ancestry]
  2260 | D:3      | Reached XP level 6. HP: 42/42 MP: 6/6
  2620 | D:4      | Reached skill level 5 in Stealth
  2696 | D:4      | Noticed a +0 falchion
  2698 | D:4      | Noticed a +0 dagger
  2699 | D:4      | Noticed a +0 spear
  2699 | D:4      | Noticed a +0 short sword
  2699 | D:4      | Noticed a +0 dagger
  2699 | D:4      | Noticed a +0 spear
  2699 | D:4      | Noticed a +0 falchion
  2702 | D:4      | Noticed a +0 short sword
  2713 | D:4      | Found a hide-covered altar of Uskayaw.
  2796 | D:4      | Reached skill level 1 in Spellcasting
  2814 | D:4      | Reached XP level 7. HP: 32/46 MP: 8/8
  3107 | D:4      | Found a sparkling altar of Nemelex Xobeh.
  3238 | D:4      | Found an ancient bone altar of Kikubaaqudgha.
  3245 | D:4      | Became a worshipper of Kikubaaqudgha
  3484 | D:5      | Entered Level 5 of the Dungeon
  3531 | D:5      | Reached skill level 6 in Stealth
  3531 | D:5      | Gained mutation: You have a tail ending in a sharp stinger.
                  | [demonic ancestry]
  3531 | D:5      | Reached XP level 8. HP: 36/54 MP: 6/10
  3621 | D:5      | Found a staircase to the Ecumenical Temple.
  3674 | D:5      | Reached skill level 5 in Necromancy
  3729 | D:5      | Noticed a two-headed ogre
  3759 | D:5      | Mangled by a two-headed ogre

Illustrated notes

Levels and vault maps discovered:
D:1:      saegor_arrival_simple_a, layout_loops_ring, serial_shops,
          nicolae_shop_back_alley_shop
D:2:      layout_loops_ring, uniq_terence, uniq_sigmund
D:3:      layout_basic, lemuel_tele_altar,
          shapermc_ecumenical_altar_mp_ritualfount
D:4:      layout_loops_ring, kiku_gazebo_garden_becter,
          nemelex_diamond_rough_becter, nicolae_uskayaw_en_pointe,
          serial_undead, serial_undead_a, serial_undead_d, serial_undead_c,
          serial_undead_f, serial_undead_a, serial_undead_a, serial_undead_c,
          serial_undead_c
D:5:      dreamdust_elfheim, layout_loops_cross, xom_teletrap_fun,
          minmay_temple_entry_offerings, nicolae_shop_sticking_my_neck_out,
          uniq_duvessa

Skill      XL: |  1  2  3  4  5  6  7  8 |
---------------+-------------------------+-----
Dodging        | 1 2 3 |  3.3
Short Blades   | 2 3 |  3.6
Stealth        | 4 5 6 |  6.2
Necromancy     | 1 2 3 4 5 |  5.4
Fighting       | 3 4 |  4.1
Spellcasting   | 1 2 |  2.2
Throwing       | |  1.7

Action                     |  1- 3 |  4- 6 |  7- 9 || total
---------------------------+-------+-------+-------++-------
  Melee: Dagger            |    62 |   119 |   136 ||   317
         Tailslap          |     6 |    17 |    20 ||    43
         Punch             |     1 |     2 |     2 ||     5
         Kick              |       |    40 |    59 ||    99
  Throw: Dart              |     3 |       |       ||     3
   Cast: Vampiric Draining |       |       |     5 ||     5
         Kiss of Death     |       |       |     1 ||     1
    Use: Potion            |       |     1 |     1 ||     2
   Stab: Sleeping          |     7 |     9 |     5 ||    21
         Distracted        |       |     1 |       ||     1
 Armour: Robe              |     7 |    37 |    49 ||    93
  Dodge: Dodged            |    29 |    44 |    57 ||   130
  Block: Other             |     8 |    20 |    24 ||    52
         Reflection        |     2 |       |     1 ||     3
